 Dungeon Crawl Stone Soup version 0.28-a0-401-ge240ad9e29 (webtiles) character file.

Game seed: 10537228752095012073

33 omnomnOMINOUS the Poker (level 3, -1/25 HPs)
             Began as an Octopode Wanderer on Sept 4, 2021.
             Slain by an adder (4 damage)
             ... on level 2 of the Dungeon on Sept 5, 2021.
             The game lasted 00:06:54 (1940 turns).

omnomnOMINOUS the Poker (Octopode Wanderer)         Turns: 1940, Time: 00:06:54

Health: -1/25      AC:  1    Str: 13    XL:     3   Next: 29%
Magic:  4/4        EV: 10    Int: 16    God:
Gold:   61         SH:  6    Dex:  8    Spells: 4/4 levels left

rFire   . . .      SeeInvis .   a - +0 spear
rCold   . . .      Faith    .   b - +0 kite shield
rNeg    . . .      Spirit   .   (helmet restricted)
rPois   .          Reflect  .   (no amulet)
rElec   .          Harm     .   (no ring)
rCorr   .          Rampage  .   (no ring)
Will    .....                   (no ring)
Stlth   ++........              (no ring)
HPRegen 0.08/turn               (no ring)
MPRegen 0.09/turn               (no ring)
                                (no ring)
                                (no ring)

@: no status effects
A: almost no armour, amphibious, 8 rings, camouflage 1, gelatinous body 1,
(nimble swimmer 1), tentacles
a: no special abilities


You were on level 2 of the Dungeon.
You visited 1 branch of the dungeon, and saw 2 of its levels.

You collected 61 gold pieces.

Inventory:

Hand Weapons
 a - a +0 spear (weapon)
Armour
 b - a +0 kite shield (worn)
Scrolls
 c - 3 scrolls of identify {unknown}
 d - a scroll of teleportation {unknown}
 e - a scroll of enchant weapon {unknown}


   Skills:
 + Level 2.4 Fighting
 * Level 2.9 Polearms
 + Level 1.7 Dodging
 - Level 1.0 Shields
 - Level 1.0 Spellcasting
 - Level 1.0 Conjurations
 - Level 1.2 Poison Magic
 - Level 1.1 Evocations


You had 4 spell levels left.
You didn't know any spells.
Your spell library contained the following spells:

 Spells                   Type           Power      Damage    Failure   Level
 Gell's Gravitas          Tloc           0%         N/A       99%         3
 Teleport Other           Tloc           0%         N/A       99%         3
 Dispersal                Tloc           0%         N/A       100%        6


Dungeon Overview and Level Annotations

Branches:
Dungeon (2/15)

Altars:


Innate Abilities, Weirdness & Mutations

You cannot wear most types of armour.
You are amphibious.
You can wear up to eight rings at the same time.
Your skin changes colour to match your surroundings (Stealth+).
Your rubbery body absorbs attacks. (AC +1, EV +1)
((You are camouflaged near water. (Stealth+)))
You have tentacles for arms and can constrict up to eight enemies at once.


Message History

You reach to attack!
You barely miss the kobold. You barely miss the kobold. You grab the kobold.
You constrict the kobold. You block the kobold's attack.
You block the adder's attack.
You hit the kobold.
You kill the kobold!
The adder closely misses you. The adder bites you.
You closely miss the adder. You grab the adder. You constrict the adder.
You block the adder's attack.
A hobgoblin comes into view.
The hobgoblin shouts!
You hit the adder but do no damage. You squeeze the adder.
The adder is moderately wounded.
You constrict the adder. The ball python closely misses you.
The ball python barely misses you. The adder barely misses you.
The ball python barely misses you. You block the ball python's attack.
An endoplasm comes into view.
The adder bites you.
You release your grip on the adder.
The adder bites you.
There is an open door here.
You miss the adder. Your grab misses the adder.
The adder is heavily wounded.
The adder bites you.
You miss the adder. Your grab misses the adder.
The adder is heavily wounded.
The adder bites you.
* * * LOW HITPOINT WARNING * * *
The ball python bites you.
* * * LOW HITPOINT WARNING * * *
The ball python barely misses you. You block the adder's attack.
You aren't carrying any potions.
Okay, then.
Unknown command.
Okay, then.
Unknown command.
You closely miss the adder. Your grab misses the adder.
The adder is heavily wounded.
The ball python bites you.
* * * LOW HITPOINT WARNING * * *
You block the ball python's attack. The adder bites you.
You die...

#.#..... ..
######.#J... ...
#....#.#...#...#
+....#.#...#<..
#......#.....#
.......#.....#
#...#g....#
+..SS.)...#
#..@###...#
#...######## .......
#..........#........
###....[...#........
#........#........
#........#........
#(.......#........
#........#........
#........#........


You could see an adder, a hobgoblin and a ball python.

Vanquished Creatures
  An adder (D:2)
  An endoplasm (D:2)
  3 giant cockroaches
  2 goblins
  2 jackals (D:2)
  A quokka (D:1)
  A ball python (D:1)
  4 bats
  5 frilled lizards
  5 kobolds
  A rat (D:1)
26 creatures vanquished.

Notes
Turn   | Place    | Note
-------+----------+-------------------------------------------
     0 | D:1      | omnomnOMINOUS the Octopode Wanderer began the quest for the
                  | Orb.
     0 | D:1      | omnomnOMINOUS set off with the following items: a +0 short
                  | sword, a +0 kite shield, a +0 spear
     0 | D:1      | Reached XP level 1. HP: 14/14 MP: 2/2
   621 | D:1      | Reached XP level 2. HP: 19/19 MP: 3/3
  1795 | D:2      | Reached XP level 3. HP: 21/25 MP: 4/4
  1940 | D:2      | Slain by an adder

Illustrated notes

Levels and vault maps discovered:
D:1:      nicolae_arrival_somewhat_less_tricky_arrival, layout_loops_corners
D:2:      layout_basic, minmay_fountain_box

Action                   || total
-------------------------++-------
Melee: Spear             ||    76
       Constrict         ||    10
       Tentacles         ||     5
 Stab: Sleeping          ||     4
Armor: Skin              ||     7
Dodge: Dodged            ||    30
Block: Kite shield       ||    24

Table legend: (Time is in decaauts)
 A = Elapsed time spent in this place.
 B = Non-inter-level travel time spent in this place.
 C = Inter-level travel time spent in this place.
 D = Time resting spent in this place.
 E = Time spent auto-exploring this place.
 F = Levels seen in this place.
 G = Mean time per level.
                   A        B        C        D        E       F      G
               +--------+--------+--------+--------+--------+-----+--------+
         Total |   1959 |   1944 |     15 |    227 |   1501 |   2 |  979.5 |
       Dungeon |   1959 |   1944 |     15 |    227 |   1501 |   2 |  979.5 |
               +--------+--------+--------+--------+--------+-----+--------+

Top non-repeatable levels by time:
     D:1: 1310 daAuts
     D:2: 648 daAuts
